 Dungeon Crawl Stone Soup version 0.21.1-1-g345015fe64 (webtiles) character file.

45 s1mppe the Chopper (level 3, 0/31 HPs)
             Began as a Hill Orc Fighter on June 4, 2018.
             Succumbed to an adder's poison
             ... on level 2 of the Dungeon.
             The game lasted 00:07:55 (729 turns).

s1mppe the Chopper (Hill Orc Fighter)                Turns: 729, Time: 00:07:55

Health: 0/31       AC:  6    Str: 18    XL:     3   Next: 64%
Magic:  3/3        EV:  7    Int:  8    God:
Gold:   31         SH:  9    Dex: 11    Spells: 2/2 levels left

rFire    + . .     SeeInvis .   a - +0 war axe
rCold    . . .     Gourm    .   c - +0 shield
rNeg     . . .     Faith    .   s - +0 scale mail
rPois    .         Spirit   .   (no helmet)
rElec    .         Reflect  .   (no cloak)
rCorr    .         Harm     .   (no gloves)
MR       .....                  (no boots)
Stlth    ..........             (no amulet)
HPRegen  0.10/turn              i - ring of protection from fire
MPRegen  0.08/turn              (no ring)

@: lethally poisoned (0 -> -3)
A: no striking features
a: no special abilities


You were on level 2 of the Dungeon.
You were not hungry.

You visited 1 branch of the dungeon, and saw 2 of its levels.

You collected 31 gold pieces.

Inventory:

Hand Weapons
 a - a +0 war axe (weapon)
 b - a +0 hunting sling
Missiles
 e - 49 stones (quivered)
 j - 20 arrows
 n - 9 bolts
 t - 21 sling bullets
Armour
 c - a +0 shield (worn)
 s - a +0 scale mail (worn)
Jewellery
 i - a ring of protection from fire (left hand)
Scrolls
 h - 4 scrolls of identify
 k - a scroll of remove curse {unknown}
 l - a scroll of blinking {unknown}
 o - a scroll of teleportation {unknown}
Potions
 d - a potion of might
 m - a potion of berserk rage {unknown}
 q - a potion of haste {unknown}
 r - a potion of cancellation
Comestibles
 f - 3 rations
 g - 6 chunks of flesh


   Skills:
 - Level 3.6 Fighting
 + Level 5.2 Axes
 - Level 3.2 Armour
 - Level 3.2 Shields


You had 2 spell levels left.
You didn't know any spells.

Dungeon Overview and Level Annotations

Branches:
Dungeon (2/15)

Altars:


Message History

* * * LOW HITPOINT WARNING * * *
You feel sick.
* * * LOW HITPOINT WARNING * * *
You feel sick. The adder bites you.
* * * LOW HITPOINT WARNING * * *
* * * LOW HITPOINT WARNING * * *
You feel sick.
You see here a scroll of identify.
* * * LOW HITPOINT WARNING * * *
You feel sick. The adder closely misses you.
* * * LOW HITPOINT WARNING * * *
You feel sick. You block the bat's attack. You block the bat's attack. x2
* * * LOW HITPOINT WARNING * * *
You feel sick. You block the bat's attack. The bat hits you but does no damage.
The bat hits you but does no damage. The bat barely misses you.
The adder barely misses you.
You die...

.....#.#.#...#.#.......#
#.##.#.#.#.#....##.#####
###.#.............รท..#
....#.#...##......#######
###...#...)....######...####
###.#........#.............###
......#...####.........###...#
###...#.................#.l#b#
###...##....<...@.bs..#..h##s#
.........#########S...##...#.#
.#####...# ###.h#..#...#
.....#...# #..l.###..#
.....###.# #.....?...# #....#
#.# ###.......# #....# #.#
######### #....###.###
#.###......#


You could see a black bear, an adder, a leopard gecko, a giant cockroach and a
bat.

Vanquished Creatures
  An adder (D:2)
  A dart slug (D:1)
  2 leopard geckos
  2 giant cockroaches
  6 hobgoblins
  2 jackals (D:1)
  5 bats
  3 frilled lizards (D:1)
  2 goblins
  7 kobolds
  A rat (D:1)
32 creatures vanquished.

Notes
Turn   | Place    | Note
-------+----------+-------------------------------------------
     0 | D:1      | s1mppe the Hill Orc Fighter began the quest for the Orb.
     0 | D:1      | Reached XP level 1. HP: 19/19 MP: 1/1
    26 | D:1      | Reached skill level 3 in Axes
    61 | D:1      | Reached XP level 2. HP: 26/26 MP: 2/2
    75 | D:1      | Reached skill level 4 in Axes
   389 | D:1      | Reached XP level 3. HP: 31/31 MP: 3/3
   563 | D:2      | Reached skill level 5 in Axes
   633 | D:2      | Noticed a black bear
   726 | D:2      | HP: 1/31 [poisoned by an adder]
   729 | D:2      | Succumbed to an adder's poison

Skill      XL: |  1  2  3 |
---------------+----------+-----
Axes           | 3 4 5 |  5.2
Fighting       | |  3.6
Armour         | |  3.2
Shields        | |  3.2

Action                   || total
-------------------------++-------
Melee: War axe           ||    89
 Fire: Hunting sling     ||     4
  Use: Potion            ||     2
       Scroll            ||     1
Armor: Scale mail        ||    54
Dodge: Dodged            ||    36
Block: Shield            ||    57
